 Dungeon Crawl Stone Soup version 0.26-a0-1191-ge2a0e31ab3 (webtiles) character file.

Game seed: 5978741978111806205

122 vvl the Firebug (level 4, 0/30 HPs)
             Began as a Demonspawn Fire Elementalist on Dec 28, 2020.
             Slain by a bat (1 damage)
             ... on level 2 of the Dungeon.
             The game lasted 00:08:07 (3650 turns).

vvl the Firebug (Demonspawn Fire Elementalist)      Turns: 3650, Time: 00:08:07

Health: 0/30       AC:  2    Str:  8    XL:     4   Next: 78%
Magic:  4/8        EV: 12    Int: 17    God:
Gold:   22         SH:  0    Dex: 14    Spells: 7/8 levels left

rFire    . . .     SeeInvis .   l - +0 whip (curse)
rCold    + . .     Faith    .   (no shield)
rNeg     . . .     Spirit   .   a - +0 robe
rPois    .         Reflect  .   (no helmet)
rElec    .         Harm     .   (no cloak)
rCorr    .         Rampage  .   (no gloves)
Will     .....                  (no boots)
Stlth    ++........             (no amulet)
HPRegen  0.10/turn              (no ring)
MPRegen  0.11/turn              (no ring)

@: no status effects
A: hooves 1, cold resistance 1
a: no special abilities


You were on level 2 of the Dungeon.
You visited 1 branch of the dungeon, and saw 2 of its levels.

You collected 22 gold pieces.

Inventory:

Hand Weapons
 d - a +0 dagger
 h - a +0 whip of draining
 l - a cursed +0 whip (weapon)
Armour
 a - a +0 robe (worn)
Wands
 c - a wand of paralysis (9)
Scrolls
 b - 2 scrolls of blinking {unknown}
 f - 4 scrolls of identify {unknown}
 g - a scroll of amnesia {unknown}
 i - 2 scrolls of teleportation {unknown}
Potions
 e - a potion of flight {unknown}
 j - a potion of mutation {unknown}
 k - a potion of curing {unknown}
 m - a potion of degeneration {unknown}


   Skills:
 - Level 1.7 Dodging
 - Level 1.7 Stealth
 + Level 2.8 Spellcasting
 + Level 2.3 Conjurations
 + Level 2.3 Necromancy
 + Level 3.4 Fire Magic


You had 7 spell levels left.
You knew the following spells:

 Your Spells              Type           Power        Failure   Level
a - Foxfire               Conj/Fire      48%          5%          1

Your spell library contained the following spells:

 Spells                   Type           Power        Failure   Level
 Conjure Flame            Conj/Fire      12%          16%         3
 Inner Flame              Hex/Fire       8%           26%         3
 Sticky Flame             Conj/Fire      12%          47%         4
 Fireball                 Conj/Fire      6%           83%         5


Dungeon Overview and Level Annotations

Branches:
Dungeon (2/15)

Altars:

Annotations:
D:2 Robin


Innate Abilities, Weirdness & Mutations

You have large cloven feet.
Your flesh is cold resistant. (rC+)


Message History

The bat misses you.
Robin roars a battlecry!
The hobgoblins go into a battle-frenzy!
Robin zaps a wand.
Some rock shatters into small pieces.
The now-empty wand crumbles to dust.
A hobgoblin comes into view.
The hobgoblin shouts!
The bat misses you. The bat misses you. The bat barely misses you.
The hobgoblin hits you. The bat hits you but does no damage.
The hobgoblin barely misses you. The bat misses you.
The bat closely misses you. The hobgoblin closely misses you.
Robin hits you with a +0 dagger.
* * * LOW HITPOINT WARNING * * *
The bat completely misses you. Robin barely misses you.
Robin closely misses you. The ooze hits you.
* * * LOW HITPOINT WARNING * * *
The bat hits you.
You die...

#.##.# ##รท##.# #..
..##.#.# #.# ##.##.#.#
####..#### #..#.#.#
#...#....# . ##.#)#.#
#...#..#.## )##
#...#.###.#.#.....
.).#####.........#.#.#.#
..)#.........#..@bggg..#
.....(.)(........J.#.#.#
##...........J...g...#.#
.J...........<######...#
###....##....## #####
###.$##.#...#
##.##.#...# #.##...>..)
#.#########


You could see Robin, 2 oozes, 3 hobgoblins and a bat.

Vanquished Creatures
  4 gnolls (D:2)
  3 adders (D:2)
  2 dart slugs (D:1)
  A leopard gecko (D:1)
  3 giant cockroaches
  13 goblins
  6 hobgoblins
  5 kobolds
  A quokka (D:2)
  2 bats (D:1)
  3 frilled lizards
  8 rats (D:1)
51 creatures vanquished.

Vanquished Creatures (others)
  132 foxfires
132 creatures vanquished.

Grand Total: 183 creatures vanquished

Notes
Turn   | Place    | Note
-------+----------+-------------------------------------------
     0 | D:1      | vvl the Demonspawn Fire Elementalist began the quest for
                  | the Orb.
     0 | D:1      | Reached XP level 1. HP: 13/13 MP: 3/3
   545 | D:1      | Gained mutation: Your flesh is cold resistant. (rC+)
                  | [demonic ancestry]
   545 | D:1      | Reached XP level 2. HP: 8/19 MP: 0/5
  1277 | D:1      | Reached skill level 1 in Necromancy
  1486 | D:1      | Reached skill level 3 in Fire Magic
  1584 | D:1      | Gained mutation: You have large cloven feet. [demonic
                  | ancestry]
  1584 | D:1      | Reached XP level 3. HP: 9/24 MP: 3/6
  2886 | D:2      | Reached XP level 4. HP: 30/30 MP: 0/7
  3616 | D:2      | Noticed Robin
  3650 | D:2      | HP: 1/30 [ooze (3)]
  3650 | D:2      | Slain by a bat

Illustrated notes

Levels and vault maps discovered:
D:1:      dpeg_arrival_ratfight, layout_basic
D:2:      layout_basic, nicolae_overflow_hidden_temple, uniq_robin

Skill      XL: |  1  2  3  4 |
---------------+-------------+-----
Necromancy     | 1 2 |  2.3
Fire Magic     | 3 |  3.4
Conjurations   | 2 |  2.3
Dodging        | |  1.7
Stealth        | |  1.7
Spellcasting   | |  2.8

Action                   |  1- 3 |  4- 6 || total
-------------------------+-------+-------++-------
Melee: Dagger            |    54 |       ||    54
       Unarmed           |    15 |       ||    15
       Whip              |    21 |    20 ||    41
       Kick              |     3 |     1 ||     4
 Cast: Foxfire           |    50 |    36 ||    86
  Use: Potion            |       |     1 ||     1
 Stab: Sleeping          |     1 |       ||     1
Armor: Robe              |    27 |     6 ||    33
Dodge: Dodged            |    67 |    48 ||   115

Table legend: (Time is in decaauts)
 A = Elapsed time spent in this place.
 B = Non-inter-level travel time spent in this place.
 C = Inter-level travel time spent in this place.
 D = Time resting spent in this place.
 E = Time spent auto-exploring this place.
 F = Levels seen in this place.
 G = Mean time per level.
                   A        B        C        D        E       F      G
               +--------+--------+--------+--------+--------+-----+--------+
         Total |   3653 |   3525 |    128 |    253 |   2819 |   2 | 1826.5 |
       Dungeon |   3653 |   3525 |    128 |    253 |   2819 |   2 | 1826.5 |
               +--------+--------+--------+--------+--------+-----+--------+

Top non-repeatable levels by time:
     D:1: 2600 daAuts
     D:2: 1052 daAuts
